AoeStats
← ninja34t5

Arena

506778802Analyzed
1v1 RM · 16d ago on Sep 15, 2026· 29m 21s· 2 players
Game mode
Random Map
Map size
Tiny (2 player)
Population
200
Speed
Normal
Resources
Standard
Victory
Conquest
Starting age
Dark Age
Ending age
Imperial Age
RankedLock teamsTeams togetherTeam positionsShared explorationLock speedFull tech treeHidden civsTurbo modeCheats
Victory
Defeat
🇨🇴 Teutons · Colombia
290
+10
🇺🇸 Portuguese · United States
145
-10
ninja34t5
14:12 Feudal Age
12:35 Loom
16:49 Wheelbarrow
16:10 Double-Bit Axe
17:51 Horse Collar
21:22 Gold Mining
21:54 Bloodlines
30:10 Castle Age
29:39 Stone Mining
SoyFedepro27
6:35 Loom
14:25 Feudal Age
14:36 Man-at-Arms
15:58 Arson
17:11 Town Watch
17:26 Horse Collar
20:17 Forging
20:21 Double-Bit Axe
22:28 Scale Mail Armor
27:52 Castle Age
26:29 Wheelbarrow
28:37 Long Swordsman
Connection lost

Rejoining the realm…

Still unreachable

The connection could not be restored.

Session expired

The server has moved on; the page needs a fresh start.